Map: [ESL] Site Delta

Players

Harstem

  • Race: Protoss Protoss
  • League: Grandmaster
  • Spawn Location: 11:00

Kelazhur - Winner!

  • Race: Terran Terran
  • Spawn Location: 5:00

Event: IEM Katowice 2024

VOD

Have the link to the VOD?

Description

Time

  • Played on: Dec. 7, 2023, 2:33 p.m.
  • Length: 18:42

All games in this series

Show
View Real Time Build Order
Export as new Build Order

Harstem Protoss 

Build Orders: Oracle Opening 

Get SALT Encoding   

  12  0:00  Probe  
  13  0:12  Probe  
  14  0:17  Pylon  
  14  0:24  Probe  
  15  0:36  Gateway  
  15  0:37  Probe (Chrono Boost)  
  16  0:46  Assimilator, Probe (Chrono Boost)  
  17  0:51  Probe (Chrono Boost)  
  18  1:03  Probe  
  19  1:15  Probe  
  20  1:25  Cybernetics Core  
  20  1:27  Probe  
  20  1:31  Pylon  
  22  1:50  Nexus  
  22  1:59  Assimilator, Adept (Chrono Boost)  
  21  2:05  Probe  
  24  2:17  Probe  
  24  2:19  Adept (Chrono Boost)  
  27  2:29  Probe  
  28  2:31  Pylon  
  28  2:36  Stargate  
  28  2:41  Probe  
  29  2:46  Warp Gate  
  29  2:51  Stalker  
  29  2:55  Probe  
  32  3:02  Probe  
  33  3:07  Probe  
  33  3:11  Shield Battery  
  33  3:14  Probe  
  33  3:17  Oracle (Chrono Boost)  
  34  3:20  Probe  
  34  3:26  Probe  
  39  3:29  Stalker  
  39  3:33  Probe  
  43  3:41  Probe  
  43  3:45  Probe  
  43  3:47  Shield Battery  
  44  3:53  Probe  
  45  3:58  Void Ray (Chrono Boost), Probe  
  45  4:00  Pylon  
  50  4:06  Assimilator  
  50  4:08  Assimilator, Probe  
  51  4:12  Probe  
  52  4:20  Probe  
  53  4:24  Probe  
  53  4:26  Robotics Facility  
  54  4:32  Probe  
  54  4:36  Zealot, Probe  
  54  4:38  Pylon  
  55  4:41  Gateway  
  55  4:44  Probe  
  56  4:48  Probe  
  56  4:49  Phoenix  
  59  4:56  Probe  
  59  4:58  Pylon  
  60  5:00  Probe  
  61  5:07  Sentry  
  61  5:08  Probe  
  61  5:11  Pylon  
  61  5:12  Immortal (Chrono Boost)  
  61  5:13  Probe  
  65  5:18  Robotics Bay  
  65  5:20  Probe  
  70  5:26  Probe  
  70  5:28  Pylon  
  69  5:33  Stalker  
  69  5:35  Probe  
  72  5:41  Immortal (Chrono Boost)  
  73  5:42  Probe  
  73  5:47  Stalker  
  73  5:48  Probe  
  80  5:55  Probe  
  80  6:01  Probe  
  81  6:06  Void Ray (Chrono Boost)  
  81  6:07  Stalker  
  81  6:10  Pylon  
  84  6:14  Pylon  
  83  6:21  Colossus  
  83  6:26  Stalker  
  83  6:28  Probe  
  83  6:31  Probe  
  83  6:36  Stalker  
  85  6:40  Probe  
  87  6:50  Zealot  
  89  6:59  Forge  
  89  7:01  Gateway  
  88  7:04  Nexus  
  88  7:05  Extended Thermal Lance (Chrono Boost), Pylon  
  88  7:09  Stargate  
  88  7:10  Probe  
  88  7:11  Probe  
  90  7:18  Colossus (Chrono Boost)  
  96  7:24  Probe  
  96  7:27  Probe  
  96  7:28  Protoss Ground Weapons Level 1 (Chrono Boost)  
  98  7:36  Probe  
  99  7:44  Probe  
  99  7:48  Probe  
  99  7:50  Twilight Council  
  101  7:55  Gateway  
  101  7:56  Probe  
  101  7:57  Sentry, Zealot  
  101  7:58  Zealot  
  108  8:00  Probe  
  108  8:02  Pylon  
  109  8:06  Pylon  
  109  8:08  Probe  
  109  8:10  Pylon  
  110  8:15  Probe  
  110  8:16  Observer  
  112  8:20  Probe  
  112  8:21  Charge (Chrono Boost)  
  112  8:23  Gateway  
  112  8:25  Gateway x2, Pylon  
  113  8:28  Templar Archives  
  113  8:33  Gateway  
  113  8:36  Gateway  
  113  8:39  Assimilator  
  113  8:43  Assimilator  
  113  8:44  Sentry, Zealot  
  117  8:50  Colossus (Chrono Boost)  
  122  9:20  Protoss Ground Weapons Level 2 (Chrono Boost)  
  116  9:26  High Templar x2  
  116  9:27  Zealot x5  
  116  9:30  Photon Cannon  
  116  9:31  Warp Prism (Chrono Boost)  
  130  9:33  Archon  
  130  9:35  Zealot x2  
  127  9:49  Zealot x5  
  127  9:50  Observer  
  110  10:00  Zealot x2, Stalker x2  
  110  10:03  Probe  
  110  10:04  Probe  
  118  10:07  Nexus  
  118  10:08  Pylon  
  118  10:14  High Templar x4  
  118  10:15  Zealot  
  118  10:17  Probe x2  
  130  10:22  Archon x2, Colossus (Chrono Boost)  
  130  10:24  Probe  
  137  10:35  Zealot x4  
  142  10:38  Probe  
  142  10:41  Zealot  
  143  10:49  Observer  
  143  10:50  Probe  
  143  10:53  High Templar x2  
  143  10:54  Zealot x2  
  143  10:56  Pylon  
  152  10:57  Blink, Probe  
  152  10:59  Archon  
  153  11:04  Shield Battery  
  153  11:07  Observer  
  153  11:08  Zealot  
  153  11:09  Zealot x2  
  157  11:18  Shield Battery  
  155  11:23  Zealot x4  
  163  11:28  Shield Battery  
  151  11:36  Stalker x5  
  129  11:44  Zealot x4  
  131  11:49  Probe  
  131  11:50  Colossus (Chrono Boost)  
  138  12:02  Sentry, High Templar x2  
  138  12:03  Zealot x2  
  138  12:07  Archon  
  138  12:08  Zealot x2  
  151  12:12  Observer  
  132  12:23  Zealot x4  
  132  12:24  Protoss Ground Weapons Level 3 (Chrono Boost)  
  132  12:27  Pylon  
  134  12:35  Observer  
  134  12:36  Probe  
  133  12:47  Sentry, Stalker x6  
  133  12:48  Zealot x2  
  151  12:51  Colossus (Chrono Boost)  
  149  13:08  Observer  
  141  13:15  Zealot x9  
  151  13:29  Shield Battery  
  139  13:37  Zealot x2, Stalker x3  
  139  13:38  Zealot x4, Disruptor  
  138  13:41  Zealot x2, Stalker  
  138  13:55  Probe x2  
  126  14:04  Stalker  
  126  14:05  Zealot x4  
  126  14:07  Pylon  
  136  14:10  Stalker x3  
  136  14:11  Stalker  
  136  14:14  Disruptor (Chrono Boost)  
  148  14:26  Stalker x4  
  156  14:43  Zealot x2  
  156  14:44  Zealot x3  
  166  14:45  Disruptor (Chrono Boost)  
  170  15:03  Nexus, Pylon x2  
  168  15:07  Disruptor  
  170  15:15  Zealot x2, Stalker x4  
  174  15:22  Observer  
  174  15:28  Stalker x3  
  172  15:29  Probe  
  172  15:31  Nexus  
  172  15:32  Probe  
  170  15:36  Probe  
  170  15:38  Probe  
  170  15:41  Probe  
  173  15:43  Disruptor  
  173  15:47  Sentry, Zealot  
  173  15:48  Zealot  
  173  15:49  Protoss Ground Armor Level 1 (Chrono Boost)  
  181  15:59  Observer  
  112  16:13  Zealot  
  112  16:14  Zealot x3  
  112  16:17  Stalker x3  
  118  16:21  Observer, Disruptor (Chrono Boost)  
  118  16:23  Stalker x2  
  126  16:36  Stalker x4  
  126  16:38  Observer  
  132  16:40  Probe (Chrono Boost)  
  132  16:41  Probe x3 (Chrono Boost)  
  136  16:52  Probe (Chrono Boost)  
  141  16:54  Probe (Chrono Boost)  
  141  16:55  Probe (Chrono Boost)  
  141  16:57  Zealot x2, Stalker x2  
  141  16:58  Probe x2 (Chrono Boost)  
  147  17:04  Probe (Chrono Boost)  
  147  17:06  Stalker x3  
  152  17:11  Observer  
  130  17:17  Zealot x4  
  130  17:22  Disruptor (Chrono Boost)  
  142  17:25  Zealot, Stalker  
  146  17:35  Zealot x2, Stalker  
  152  17:41  Stalker x3  
  130  17:54  Disruptor (Chrono Boost)  
  130  17:55  Zealot x3  
  130  17:58  Zealot x3  
  144  18:04  Sentry  
  144  18:05  Zealot x2  
  144  18:17  Stalker x3  
  138  18:24  Zealot x3  
  138  18:32  Zealot x3  
Show
View Real Time Build Order
Export as new Build Order

Kelazhur Terran - Winner!

Build Orders: Cyclone Opening 

Get SALT Encoding   

  12  0:00  SCV  
  13  0:12  SCV  
  14  0:16  Supply Depot  
  14  0:24  SCV  
  15  0:31  Refinery  
  15  0:38  SCV  
  16  0:45  Barracks  
  16  0:50  SCV  
  17  1:02  SCV  
  18  1:06  Engineering Bay  
  18  1:14  SCV  
  19  1:32  Orbital Command, Marine  
  20  1:37  Factory  
  20  1:52  Barracks Reactor  
  20  1:57  Supply Depot  
  20  1:59  SCV  
  21  2:11  SCV  
  21  2:15  Command Center  
  22  2:23  SCV  
  23  2:30  Cyclone  
  23  2:32  Cyclone  
  27  2:39  Supply Depot  
  27  2:40  SCV  
  27  2:42  Marine  
  29  2:49  Refinery  
  29  2:52  SCV  
  30  3:03  Hellion  
  30  3:05  Hellion  
  34  3:08  SCV  
  34  3:11  Barracks Tech Lab  
  35  3:18  Starport  
  35  3:20  SCV  
  36  3:28  Orbital Command  
  36  3:32  SCV  
  37  3:43  Marine x2  
  37  3:46  SCV  
  37  3:47  Orbital Command, Siege Tank  
  43  3:59  SCV  
  43  4:02  Marine x2  
  46  4:03  Medivac  
  46  4:09  Supply Depot  
  48  4:11  SCV  
  48  4:14  SCV  
  47  4:21  Siege Tank  
  47  4:22  Marine x2  
  47  4:23  SCV  
  50  4:30  SCV  
  50  4:36  Supply Depot, SCV  
  51  4:43  Liberator  
  51  4:44  Marine x2  
  56  4:46  SCV  
  56  4:48  SCV  
  58  4:58  SCV  
  59  5:00  SCV  
  59  5:02  Marine x2  
  62  5:08  Siege Tank, Supply Depot  
  62  5:10  SCV  
  62  5:12  SCV  
  67  5:20  Marine x2  
  69  5:23  SCV  
  70  5:30  SCV  
  70  5:35  SCV  
  72  5:37  Supply Depot  
  72  5:39  Command Center  
  72  5:40  Siege Tank  
  72  5:42  SCV  
  76  5:56  SCV  
  77  5:59  SCV  
  77  6:03  Marine  
  77  6:04  Marine  
  77  6:12  SCV  
  78  6:18  Siege Tank  
  78  6:22  Barracks x2, SCV  
  78  6:24  Barracks, Supply Depot, Engineering Bay  
  78  6:25  SCV  
  80  6:34  SCV  
  80  6:37  Marine x2, SCV  
  84  6:46  SCV  
  85  6:48  Refinery  
  85  6:49  SCV  
  85  6:51  Orbital Command  
  83  6:57  Starport Reactor  
  83  6:58  SCV  
  83  6:59  Terran Infantry Weapons Level 1  
  83  7:00  Supply Depot x2  
  83  7:01  Factory Tech Lab, Refinery  
  84  7:03  SCV  
  84  7:07  Barracks  
  85  7:10  SCV  
  85  7:15  Stimpack  
  86  7:20  SCV  
  86  7:21  Marine x2  
  86  7:22  Factory Reactor  
  84  7:27  Barracks Tech Lab  
  84  7:28  SCV  
  85  7:31  SCV  
  85  7:32  SCV  
  85  7:35  Supply Depot  
  87  7:38  Viking x2, Marine  
  87  7:39  Marine  
  87  7:40  Orbital Command  
  93  7:44  Factory Reactor  
  93  7:47  Marine x2  
  93  7:48  SCV  
  93  7:49  Supply Depot  
  93  7:50  SCV  
  97  7:56  Marauder  
  99  7:59  Barracks Reactor, Barracks Tech Lab, Marauder, Combat Shield  
  99  8:00  SCV  
  99  8:02  SCV  
  99  8:03  Supply Depot  
  103  8:06  Marine x2  
  103  8:07  SCV  
  106  8:13  SCV  
  106  8:14  Viking x2  
  106  8:18  Marauder, Marine, SCV  
  115  8:21  Widow Mine x2, Marauder  
  121  8:27  SCV  
  121  8:28  Marine x2  
  121  8:32  SCV  
  121  8:34  Supply Depot  
  125  8:36  Marauder  
  127  8:43  SCV, Widow Mine x2  
  127  8:44  Viking x2  
  127  8:45  Supply Depot  
  127  8:46  Marauder x2  
  127  8:47  Supply Depot  
  140  8:49  Marine x4  
  140  8:58  Marauder  
  142  9:02  Terran Infantry Armor Level 1  
  142  9:03  SCV  
  142  9:04  Widow Mine x2  
  142  9:07  Marine x5  
  142  9:08  Refinery x2  
  151  9:10  Ghost Academy  
  150  9:21  Marauder  
  151  9:25  Marauder  
  151  9:27  Marauder, Marine x2  
  151  9:29  Viking  
  151  9:30  Viking  
  158  9:43  Marauder, Marine  
  164  9:45  Widow Mine x2  
  164  9:47  Marine x2  
  164  9:48  Marauder  
  168  9:59  Marauder  
  145  10:02  Medivac  
  145  10:03  Medivac  
  145  10:05  Marauder, Marine x2  
  153  10:07  Widow Mine x2  
  153  10:09  Marauder  
  153  10:10  SCV x2  
  153  10:11  Marine x2  
  159  10:20  Ghost  
  159  10:21  Supply Depot  
  161  10:22  Marine  
  161  10:23  Command Center, Supply Depot  
  161  10:24  Marine  
  161  10:25  Ghost  
  165  10:29  Marine x2  
  165  10:34  Medivac x2  
  171  10:36  Marauder  
  171  10:42  Marine x2  
  175  10:47  Barracks  
  175  10:48  Barracks  
  175  10:49  Barracks  
  175  10:54  Ghost x2, Marine x2  
  179  10:59  Sensor Tower, Supply Depot  
  179  11:01  Ghost, SCV x3  
  184  11:09  Armory  
  184  11:13  SCV  
  185  11:25  Liberator x2, Marauder x2  
  180  11:34  Marauder  
  180  11:36  Marine x2  
  180  11:37  Widow Mine x2  
  158  11:45  Marine x2  
  158  11:46  Marauder x2  
  157  11:48  Barracks Tech Lab  
  157  11:49  Barracks Tech Lab  
  157  11:50  Planetary Fortress, Barracks Tech Lab  
  157  11:51  Missile Turret  
  157  11:54  Marine, SCV x3  
  159  11:56  Marauder  
  163  12:07  Marauder  
  163  12:08  Liberator x2  
  163  12:18  Marauder x2  
  163  12:21  Marine, Marauder  
  163  12:22  Marauder  
  154  12:27  Marauder  
  154  12:29  Marauder  
  148  12:31  Widow Mine  
  148  12:32  Marine x2, Widow Mine  
  148  12:33  Marine  
  153  12:39  Marauder x2, Marine  
  153  12:41  Ghost  
  158  12:46  Marauder  
  158  12:47  Concussive Shells  
  158  12:48  Marine  
  163  12:51  Marauder, Marine x3, Medivac  
  163  12:53  Widow Mine x2  
  170  12:59  Marine  
  170  13:01  Marauder x2  
  170  13:04  SCV  
  170  13:05  SCV x3  
  177  13:06  Command Center  
  177  13:09  Marauder, Marine x2  
  177  13:11  Terran Infantry Weapons Level 2  
  180  13:13  Marauder x2  
  180  13:14  Widow Mine  
  180  13:16  SCV  
  180  13:17  SCV x3  
  180  13:19  Marine x2  
  185  13:20  Marine  
  182  13:29  SCV x2  
  177  13:35  Marauder  
  177  13:36  Viking x2, Marauder  
  177  13:39  Marauder x2  
  177  13:41  Marauder  
  181  13:45  Marauder  
  178  13:59  Marauder x2  
  178  14:00  Marauder  
  178  14:01  Marauder  
  178  14:02  Marauder  
  166  14:06  Medivac x2, Marine x2  
  166  14:08  SCV x4, Refinery  
  176  14:20  SCV x2  
  176  14:23  Fusion Core  
  176  14:24  Ghost, Marauder x3, Marine x2  
  182  14:29  Ghost  
  182  14:30  Marine x2  
  190  14:31  SCV  
  181  14:44  Medivac x2  
  185  15:02  Planetary Fortress  
  185  15:03  Missile Turret  
  182  15:13  Ghost x2  
  176  15:18  Marauder x2, Marine  
  176  15:20  Widow Mine x2  
  176  15:21  Marauder, Marine x2  
  183  15:27  Viking x2  
  182  15:31  Marauder, Marine  
  185  15:35  Marine  
  185  15:38  Marine  
  185  15:39  Marauder, Marine  
  185  15:40  Marauder  
  185  15:42  Marine  
  190  15:44  Refinery  
  190  15:47  Command Center  
  190  15:48  Terran Infantry Weapons Level 3  
  190  15:57  Viking  
  190  16:01  Ghost  
  140  16:05  Marauder  
  140  16:06  Marauder, Marine x2  
  140  16:07  Marine, Marauder  
  140  16:08  Marauder x2  
  140  16:11  Widow Mine x2  
  140  16:15  Marine  
  135  16:24  Marine x2  
  135  16:25  Marine  
  136  16:26  Marauder, SCV x5  
  136  16:28  Marauder x2  
  145  16:35  Medivac x2  
  145  16:38  Marauder  
  148  16:48  Marauder x2  
  148  16:50  Widow Mine x2  
  148  16:52  Caduceus Reactor  
  155  16:54  Ghost x3  
  155  16:55  Marine  
  155  16:56  Marine x2  
  155  16:59  Marine x2  
  160  17:09  Marine x2  
  160  17:12  Marine  
  160  17:14  Marine x2  
  135  17:17  Marine x2  
  132  17:23  Planetary Fortress, Marauder, Marine x2  
  132  17:27  Marauder x2  
  140  17:30  Marine  
  140  17:35  Marine  
  140  17:36  Marauder  
  142  17:41  Marauder x2  
  146  17:45  Marauder  
  146  17:49  Marauder  
  146  17:50  Marauder  
  130  17:52  Medivac x2  
  130  17:53  Widow Mine x2  
  130  17:54  Marine  
  130  17:57  Marauder  
  130  17:58  Marine  
  142  17:59  Marine  
  142  18:00  Marine  
  142  18:02  Marauder  
  142  18:03  Marauder  
  147  18:11  Marauder  
  140  18:14  Widow Mine  
  140  18:18  Marauder  
  140  18:19  Marauder x2  

Tags
 
Add a new tag
Caveats
  • Supply blocks, unpowered buildings, or Contaminate may cause inaccurate times.
  • Supply counts are checked every 10 seconds.